 Dungeon Crawl Stone Soup version 0.25-a0-474-ga8a2ee3166 (webtiles) character file.

Game seed: 3920311218278557696, levelgen mode: deterministic

72 kae the Chiller (level 4, -8/30 HPs)
             Began as a Merfolk Ice Elementalist on Feb 8, 2020.
             Mangled by a gnoll
             ... wielding a +0 spear
              (10 damage)
             ... on level 3 of the Dungeon.
             The game lasted 00:02:08 (1662 turns).

kae the Chiller (Merfolk Ice Elementalist)          Turns: 1662, Time: 00:02:08

Health: -8/30      AC:  2    Str:  8    XL:     4   Next: 25%
Magic:  8/8        EV: 13    Int: 15    God:
Gold:   65         SH:  0    Dex: 14    Spells: 4/8 levels left

rFire    + . .     SeeInvis .   k - +0 spear
rCold    + . .     Gourm    .   (no shield)
rNeg     + . .     Faith    .   a - +0 robe
rPois    +         Spirit   .   (no helmet)
rElec    +         Reflect  .   (no cloak)
rCorr    +         Harm     .   (no gloves)
MR       .....                  (no boots)
Stlth    +.........             (no amulet)
HPRegen  0.10/turn              d - ring of positive energy
MPRegen  0.11/turn              (no ring)

@: confused, resistant, berserk cooldown, slowed, very slow
A: change form in water, swift swim, stealthy swim
a: no special abilities


You were on level 3 of the Dungeon.
You were not hungry.

You visited 1 branch of the dungeon, and saw 3 of its levels.

You collected 65 gold pieces.

Inventory:

Hand Weapons
 k - a +0 spear (weapon)
Armour
 a - a +0 robe (worn)
Jewellery
 d - a ring of positive energy (left hand)
Scrolls
 b - 2 scrolls of teleportation
 g - 3 scrolls of identify
 h - a scroll of blinking {unknown}
 j - 3 scrolls of fog {unknown}
Comestibles
 c - a ration
 l - 2 chunks of flesh


   Skills:
 - Level 2.6 Dodging
 - Level 2.1 Stealth
 + Level 2.8 Spellcasting
 * Level 5.7 Ice Magic


You had 4 spell levels left.
You knew the following spells:

 Your Spells              Type           Power        Failure   Level  Hunger
a - Freeze                Ice            ###.         1%          1    #......
b - Frozen Ramparts       Ice            ###...       6%          3    ###....

Your spell library contained the following spells:

 Spells                   Type           Power        Failure   Level  Hunger
 Ozocubu's Armour         Chrm/Ice       ##......     19%         3    ###....
 Hailstorm                Conj/Ice       ##......     54%         4    #####..
 Summon Ice Beast         Ice/Summ       ##......     54%         4    #####..


Dungeon Overview and Level Annotations

Branches:
Dungeon (3/15)

Altars:


Message History

You are too berserk!
You barely miss the gnoll. The giant cockroach closely misses you.
You hit the gnoll.
The gnoll is lightly wounded.
You are no longer berserk.
You are exhausted.
You feel yourself slow down. The gnoll misses you.
The giant cockroach bites you but does no damage.
Okay, then.
The gnoll barely misses you. The gnoll misses you.
The giant cockroach bites you.
* * * LOW HITPOINT WARNING * * *
You are confused.
You feel invigorated.
The giant cockroach bites you but does no damage.
The gnoll hits you from afar with a +0 spear!
* * * LOW HITPOINT WARNING * * *
The giant cockroach barely misses you.
The gnoll hits you from afar with a +0 spear!
You die...

### #.. #.# #.#
##.#####
##.gs@..##.#
#..)##.......
......#)<......##
#####........###
#..≈###### #.≈.≈
##≈≈≈ ####


You could see a gnoll and a giant cockroach.

Vanquished Creatures
  3 gnolls
  3 dart slugs (D:1)
  A worm (D:2)
  A leopard gecko (D:1)
  A giant cockroach (D:1)
  11 goblins
  4 hobgoblins
  3 kobolds
  2 bats (D:1)
  2 frilled lizards (D:1)
  A rat (D:1)
32 creatures vanquished.

Notes
Turn   | Place    | Note
-------+----------+-------------------------------------------
     0 | D:1      | kae the Merfolk Ice Elementalist began the quest for the
                  | Orb.
     0 | D:1      | Reached XP level 1. HP: 13/13 MP: 3/3
   197 | D:1      | Reached XP level 2. HP: 17/19 MP: 0/5
   457 | D:1      | Reached skill level 5 in Ice Magic
   563 | D:1      | Reached XP level 3. HP: 14/24 MP: 0/6
  1301 | D:2      | Learned a level 3 spell: Frozen Ramparts
  1654 | D:3      | Reached XP level 4. HP: 20/30 MP: 6/8
  1662 | D:3      | Mangled by a gnoll

Levels and vault maps discovered:
D:1:      ncdulo_halloftheorcs, layout_basic
D:2:      layout_rooms
D:3:      layout_loops_corners, lemuel_doored_altar, gup_sewer_entry_pipe,
          uniq_crazy_yiuf_cottage

Skill      XL: |  1  2 |
---------------+-------+-----
Ice Magic      | 5 |  5.7
Dodging        | |  2.6
Stealth        | |  2.1
Spellcasting   | |  2.8

Action                   |  1- 3 |  4- 6 || total
-------------------------+-------+-------++-------
Melee: Unarmed           |    37 |       ||    37
       Spear             |     4 |     4 ||     8
 Cast: Freeze            |    52 |       ||    52
  Use: Scroll            |     3 |       ||     3
       Potion            |     2 |     1 ||     3
 Stab: Sleeping          |     2 |       ||     2
  Eat: Chunk             |     3 |       ||     3
Armor: Robe              |    10 |     3 ||    13
Dodge: Dodged            |    66 |     7 ||    73

Table legend:
 A = Non-vault XP
 B = Vault XP
 C = Vault XP percentage of total XP
 D = Non-vault monster count
 E = Vault monster count
 F = Vault count percentage of total count
                 A         B        C        D         E       F
            +---------+---------+-------+---------+---------+-------
      Total |     103 |       0 |   0.0 |      32 |       0 |   0.0
            +---------+---------+-------+---------+---------+-------
        D:1 |      49 |       0 |   0.0 |      24 |       0 |   0.0
        D:2 |      25 |       0 |   0.0 |       6 |       0 |   0.0
        D:3 |      29 |       0 |   0.0 |       2 |       0 |   0.0
            +---------+---------+-------+---------+---------+-------
